 Dungeon Crawl Stone Soup version 0.29.1-1-gd02db6906a (webtiles) character file.

Game seed: 6488187601975665199

9802 Homeless the Nimble (level 11, -1/109 HPs)
             Began as a Troll Chaos Knight on Oct 13, 2022.
             Was a Plaything of Xom.
             Slain by a redback (2 damage)
             ... on level 2 of the Lair of Beasts.
             The game lasted 00:42:45 (8986 turns).

Homeless the Nimble (Troll Chaos Knight)            Turns: 8986, Time: 00:42:47

Health: -1/109     AC:  9    Str: 26      XL:     11   Next: 27%
Magic:  0/10       EV: 15    Int:  7 (8)  God:    Xom [......]
Gold:   315        SH:  4    Dex: 15      Spells: 10/10 levels left

rFire   . . .      SeeInvis .     - Unarmed
rCold   + . .      Faith    .   (no shield)
rNeg    . . .      Spirit   +   a - +2 robe
rPois   .          Reflect  .   r - +1 hat
rElec   .          Harm     .   o - +1 cloak
rCorr   .          Rampage  .   (gloves unavailable)
Will    .....      Clarity  +   (boots unavailable)
Stlth   +++.......              u - amulet of guardian spirit
HPRegen 1.88/turn               E - +6 ring of dexterity
MPRegen 0.12/turn               f - ring of protection from cold

@: lethally poisoned (-1 -> -5), especially stealthy
A: large, unfitting armour, claws 3, regeneration 2, shaggy fur 1, tough skin 1,
horns 1, large bone plates 1, clarity
a: Renounce Religion


You were on level 2 of the Lair of Beasts.
You worshipped Xom.
You were a very special plaything of Xom.
You visited 2 branches of the dungeon, and saw 10 of its levels.

You collected 419 gold pieces.
You spent 104 gold pieces at shops.

Inventory:

Hand Weapons
 B - the +11 longbow of Rubbish {flame, Dex+3 Stlth+}
   (You found it on level 7 of the Dungeon)

   Any ammunition fired from it burns those it strikes, dealing additional fire
   damage.
   Dex:       It affects your dexterity (+3).
   Stlth:     It makes you more stealthy.
Missiles
 p - 56 stones
 y - 2 curare-tipped darts
 F - 8 poisoned darts
 H - 5 boomerangs
Armour
 a - a +2 robe (worn)
 o - a +1 cloak (worn)
 r - a +1 hat (worn)
Jewellery
 e - a +6 ring of intelligence
 f - a ring of protection from cold (right claw)
 m - an amulet of the acrobat
 u - an amulet of guardian spirit (around neck)
 A - a +6 ring of intelligence
 E - a +6 ring of dexterity (left claw)
Wands
 i - a wand of paralysis (5)
 v - a wand of polymorph (7)
 w - a wand of iceblast (13)
 z - a wand of digging (5)
 G - a wand of flame (11)
 I - a wand of light (3)
Scrolls
 c - a scroll of magic mapping
 d - a scroll of vulnerability
 g - a scroll of brand weapon
 h - 2 scrolls of noise
 l - a scroll of enchant armour
 n - 2 scrolls of amnesia
 q - 2 scrolls of identify
 t - a scroll of summoning
 C - a scroll of silence
 D - a scroll of immolation
Potions
 j - 3 potions of attraction
 k - 2 potions of curing
 s - a potion of cancellation
 x - 3 potions of berserk rage
 J - a potion of mutation
Miscellaneous
 b - a piece from Xom's chessboard (inert) (quivered)


   Skills:
 - Level 7.1 Fighting
 * Level 11.2 Dodging
 - Level 9.7 Unarmed Combat


You had 10 spell levels left.
You didn't know any spells.
Your spell library contained the following spells:

 Spells                   Type           Power      Damage    Failure   Level
 Sandblast                Erth           0%         2d4       43%         1
 Summon Small Mammal      Summ           0%         N/A       43%         1
 Call Canine Familiar     Summ           0%         N/A       80%         3
 Confusing Touch          Hex            0%         N/A       80%         3
 Conjure Flame            Conj/Fire      0%         6-21      80%         3
 Ignite Poison            Fire/Tmut/Pois 0%         N/A       80%         3
 Mephitic Cloud           Conj/Pois/Air  0%         N/A       80%         3
 Portal Projectile        Hex/Tloc       0%         N/A       80%         3
 Summon Guardian Golem    Hex/Summ       0%         N/A       80%         3
 Leda's Liquefaction      Hex/Erth       0%         N/A       99%         4
 Freezing Cloud           Conj/Ice/Air   0%         6-21      100%        5
 Yara's Violent Unravell  Hex/Tmut       0%         3d3       100%        5
 Starburst                Conj/Fire      0%         6d3       100%        6
 Enfeeble                 Hex            0%         N/A       100%        7
 Shatter                  Erth           0%         3d5*      100%        9


Dungeon Overview and Level Annotations

Branches:
Dungeon (8/15)             Temple (0/1) D:4            Lair (2/5) D:8
 Spider (0/4) Lair:2
  Swamp: Lair:2-3    Shoals: Lair:2-3

Altars:
Dithmenos
Hepliaklqana
Kikubaaqudgha
Nemelex Xobeh
Qazlal
Ru
Uskayaw
Xom
The Shining One

Shops:
D:5 *


Innate Abilities, Weirdness & Mutations

You are too large for most types of armour.
You have claws for hands.
You heal very quickly.
You are covered in fur. (AC +1)
You have tough skin. (AC +1)
You have a pair of small horns on your head.
You are partially covered in large bone plates. (SH +4)
You possess an exceptional clarity of mind.


Message History

The bullfrog attacks as you move away! The bullfrog closely misses you.
The water moccasin attacks as you move away!
The water moccasin bites you but does no damage.
You feel very sick.
The piece from Xom's chessboard is presently inert.
You feel very sick.
The water moccasin closely misses you. x2; The bullfrog barely misses you.
A komodo dragon comes into view.
You feel sick. The redback bites you!
You are more poisoned.
The redback poisons you! The bullfrog attacks as you move away!
The bullfrog closely misses you.
You feel extremely sick. The bullfrog hits you.
The bullfrog attacks as you move away!
The bullfrog hits you but does no damage.
* * * LOW HITPOINT WARNING * * *
You feel extremely sick.
The polar bear is no longer moving slowly.
The redback bites you!
* * * LOW HITPOINT WARNING * * *
The bullfrog attacks as you move away! You block the bullfrog's attack.
* * * LOW HITPOINT WARNING * * *
You feel extremely sick.
The bullfrog hits you but does no damage.
Okay, then.
The bullfrog attacks as you move away!
The bullfrog hits you but does no damage.
* * * LOW HITPOINT WARNING * * *
You feel very sick.
The redback bites you but does no damage.
There is a stone staircase leading up here.
You can't go down here!
* * * LOW HITPOINT WARNING * * *
You feel very sick. The bullfrog hits you.
* * * LOW HITPOINT WARNING * * *
The redback bites you.
You die...
Xom roars with laughter!

.~.~.~~# l..
~~.~~.~## ### #...
~~.~~~.. ###.####...
#~~~...###...#.....
....P#....#......##
#....#.#....>.....##
.......##..h...s...##
.....†.#......Ss....#
........#.##..sF@..##
.....[....########.#
...........# #
..........P#
..........##
.........##
.......[.# .........#
#.....P..#


You could see a polar bear, a water moccasin, 3 redbacks and a bullfrog.

Vanquished Creatures
  A hydra (Lair:1)
  5 death yaks (Lair:1)
  3 cane toads (Lair:1)
  2 komodo dragons (Lair:1)
  3 blink frogs (Lair:1)
  A wyvern (D:7)
  A steam dragon (D:8)
  A basilisk (Lair:1)
  7 water moccasins
  An ice beast (D:7)
  5 sky beasts
  2 orc warriors (D:8)
  2 black bears
  3 ogres
  3 wolves (Lair:1)
  2 centaurs
  A phantom (D:5)
  2 kobold brigands
  9 bullfrogs
  A scorpion (D:6)
  6 killer bees (D:8)
  3 howler monkeys
  An electric eel (D:8)
  An orc priest (D:8)
  A hound (D:6)
  6 iguanas
  2 orc wizards
  11 gnolls
  6 adders
  2 white imps
  2 dart slugs (D:4)
  14 orcs
  7 endoplasms
  3 giant cockroaches
  8 hobgoblins
  22 kobolds
  4 quokkas
  5 ball pythons
  6 bats
  6 frilled lizards
  3 goblins
  4 rats
178 creatures vanquished.

Vanquished Creatures (others)
  10 fungi
  19 plants
29 creatures vanquished.

Grand Total: 207 creatures vanquished

Notes
Turn   | Place    | Note
-------+----------+-------------------------------------------
     0 | D:1      | Homeless the Troll Chaos Knight began the quest for the
                  | Orb.
     0 | D:1      | Reached XP level 1. HP: 22/22 MP: 0/0
   122 | D:1      | Reached skill level 2 in Dodging
   219 | D:1      | XOM: potion effect (berserk rage)
   229 | D:1      | Reached XP level 2. HP: 29/29 MP: 1/1
   358 | D:1      | XOM: silly message
   713 | D:2      | XOM: potion effect (haste)
   716 | D:2      | Reached XP level 3. HP: 28/36 MP: 2/2
   774 | D:2      | Reached XP level 4. HP: 44/44 MP: 3/3
   778 | D:2      | XOM: divination: detect items
   860 | D:2      | Reached skill level 5 in Unarmed Combat
   895 | D:2      | Noticed a phantom
  1215 | D:2      | XOM: god gift: potion of curing
  1570 | D:3      | Noticed a sky beast
  1571 | D:3      | XOM: give mutations
  1571 | D:3      | Gained mutation: You possess an exceptional clarity of
                  | mind. [Xom's grace]
  1571 | D:3      | Gained mutation: You are partially covered in large bone
                  | plates. (SH +4) [Xom's grace]
  1571 | D:3      | Gained mutation: Your spells are a little harder to cast,
                  | but a little more powerful. [Xom's grace]
  1571 | D:3      | Gained mutation: Your muscles are strong. (Str +4, Int/Dex
                  | -1) [Xom's grace]
  1576 | D:3      | XOM: confuse monster(s)
  1589 | D:3      | Killed a sky beast
  1590 | D:3      | Reached XP level 5. HP: 50/50 MP: 4/4
  1856 | D:3      | Found a shimmering altar of Xom.
  2019 | D:3      | Reached XP level 6. HP: 49/59 MP: 5/5
  2273 | D:3      | Found a sparkling altar of Nemelex Xobeh.
  2587 | D:4      | Found a staircase to the Ecumenical Temple.
  2885 | D:4      | XOM: 1-stop teleportation journey
  3122 | D:4      | Found a hazy altar of Hepliaklqana.
  3122 | D:4      | XOM: 6-stop teleportation journey
  3179 | D:4      | Found a glowing golden altar of the Shining One.
  3425 | D:4      | Found a shadowy altar of Dithmenos.
  3428 | D:4      | Found an ancient bone altar of Kikubaaqudgha.
  3509 | D:4      | XOM: god gift: 6 stones
  3761 | D:4      | XOM: divination: detect items
  3958 | D:5      | Entered Level 5 of the Dungeon
  3958 | D:5      | Found Gucel's General Store.
  3965 | D:5      | Lost mutation: Your spells are a little harder to cast, but
                  | a little more powerful. [potion of mutation]
  3965 | D:5      | Lost mutation: Your muscles are strong. (Str +4, Int/Dex
                  | -1) [potion of mutation]
  3965 | D:5      | Gained mutation: You heal very quickly. [potion of
                  | mutation]
  3965 | D:5      | Gained mutation: You have a pair of small horns on your
                  | head. [potion of mutation]
  4029 | D:5      | Identified the +5 great sword of the Candle {vorpal, Int+2}
  4058 | D:5      | Reached XP level 7. HP: 70/70 MP: 6/6
  4282 | D:5      | Found a sacrificial altar of Ru.
  4923 | D:5      | Bought a potion of cancellation for 104 gold pieces
  5037 | D:6      | XOM: confuse monster(s)
  5053 | D:6      | Reached skill level 5 in Fighting
  5059 | D:6      | XOM: noise
  5175 | D:6      | Reached XP level 8. HP: 73/81 MP: 5/7
  5698 | D:7      | XOM: smoke on damage
  6375 | D:7      | Identified the +11 longbow of Rubbish {flame, Dex+3 Stlth+}
  6462 | D:7      | XOM: silly message
  6749 | D:8      | Reached XP level 9. HP: 92/92 MP: 8/8
  6750 | D:8      | XOM: divination: magic mapping
  6823 | D:8      | Found a staircase to the Lair.
  6829 | D:8      | Reached skill level 3 in Dodging
  6890 | D:8      | XOM: summons 4 hostile demons
  6891 | D:8      | Noticed a sixfirhy
  6891 | D:8      | Noticed a hellwing
  6963 | D:8      | XOM: 3-stop teleportation journey
  7163 | D:8      | XOM: 8-stop teleportation journey
  7193 | D:8      | XOM: noise
  7219 | D:8      | Reached skill level 4 in Dodging
  7258 | D:8      | XOM: god gift: blackened iron wand {god gift}
  7368 | D:8      | Found a stormy altar of Qazlal.
  7369 | D:8      | Found a hide-covered altar of Uskayaw.
  7439 | D:8      | XOM: enchant monster (good)
  7445 | D:8      | Reached skill level 5 in Dodging
  7858 | Lair:1   | Entered Level 1 of the Lair of Beasts
  7912 | Lair:1   | XOM: 2-stop teleportation journey
  7912 | Lair:1   | Noticed a seven-headed hydra
  7924 | Lair:1   | Killed a 12-headed hydra
  7925 | Lair:1   | Reached skill level 6 in Dodging
  7955 | Lair:1   | Noticed a death yak
  7955 | Lair:1   | Noticed a death yak
  7955 | Lair:1   | Noticed a death yak
  7955 | Lair:1   | Noticed a death yak
  7955 | Lair:1   | Noticed a death yak
  7956 | Lair:1   | XOM: divination: detect items
  7970 | Lair:1   | XOM: summons friendly quasit
  7973 | Lair:1   | Killed a death yak
  7973 | Lair:1   | XOM: divination: detect items
  7974 | Lair:1   | Reached skill level 7 in Dodging
  7974 | Lair:1   | Reached XP level 10. HP: 83/102 MP: 6/9
  8002 | Lair:1   | Killed a death yak
  8003 | Lair:1   | Reached skill level 8 in Dodging
  8017 | Lair:1   | Killed a death yak
  8018 | Lair:1   | XOM: divination: magic mapping
  8024 | Lair:1   | Killed a death yak
  8025 | Lair:1   | Reached skill level 9 in Dodging
  8031 | Lair:1   | Killed a death yak
  8115 | Lair:1   | XOM: cast spell 'Statue Form'
  8155 | Lair:1   | Noticed a cane toad
  8155 | Lair:1   | XOM: cast spell 'Metabolic Englaciation'
  8156 | Lair:1   | XOM: god gift: 2 potions of berserk rage
  8164 | Lair:1   | Killed a cane toad
  8165 | Lair:1   | Reached skill level 10 in Dodging
  8180 | Lair:1   | XOM: cleaving
  8224 | Lair:1   | Noticed a cane toad
  8224 | Lair:1   | XOM: summons friendly shadow imp
  8230 | Lair:1   | Killed a cane toad
  8231 | Lair:1   | Reached XP level 11. HP: 90/109 MP: 10/10
  8257 | Lair:1   | XOM: cleaving
  8264 | Lair:1   | Got the Anthology of Rocky Calefaction
  8430 | Lair:1   | XOM: stat loss: -1 Dex (14/15)
  8445 | Lair:1   | XOM: summons friendly shadow imp
  8449 | Lair:1   | Reached skill level 11 in Dodging
  8570 | Lair:1   | XOM: cloud trail
  8617 | Lair:1   | XOM: scenery: summon butterflies
  8900 | Lair:1   | XOM: silly message
  8930 | Lair:1   | XOM: god gift: wand of light (3)
  8954 | Lair:2   | XOM: stealth player
  8969 | Lair:2   | Found a hole to the Spider Nest.
  8971 | Lair:2   | XOM: enchant monster (good)
  8977 | Lair:2   | XOM: stat loss: -1 Int (7/8)
  8986 | Lair:2   | HP: 4/109 [poisoned by a redback]
  8986 | Lair:2   | HP: 1/109 [bullfrog (3)]
  8986 | Lair:2   | Slain by a redback

Illustrated notes

Levels and vault maps discovered:
D:1:      scummos_arrival_star, layout_rooms, lexackson_kobold_supper
D:2:      layout_loops_ring, lightli_corner_chamber
D:3:      layout_basic, lemuel_doored_altar, mainiacjoe_overflow_six_doors_small
D:4:      nicolae_cairo_tiling_very_big, layout_basic,
          grunt_temple_overflow_cloverleaf
D:5:      layout_cave_pods, nicolae_ru_sacrificial_ziggurat, serial_shops,
          nicolae_stop_n_shop_1
D:6:      layout_basic, grunt_decor_arrowhead
D:7:      layout_basic
D:8:      layout_loops_ring, gammafunk_temple_overflow_statue,
          grunt_lair_entry_orc_guard_hut, serial_aquarium,
          aquarium_bridge_island_small [aquarium_subvault_small_water,
          aquarium_subvault_bridge, aquarium_subvault_balcony,
          aquarium_subvault_bridge, aquarium_subvault_wall],
          aquarium_bridge_straight [aquarium_subvault_bridge,
          aquarium_subvault_window, aquarium_subvault_bridge,
          aquarium_subvault_window], aquarium_window_2, aquarium_window_fake,
          aquarium_view_2d, aquarium_balcony_5b, aquarium_pool_S,
          lightli_minifort
Lair:1:   layout_loops_ring, beast_lair_carwin_2, infiniplex_staircase_pool_2,
          serial_bayou_shore_a, serial_bayou_shore_b, serial_bayou_shore_b
Lair:2:   layout_cave_pods, palyth_hydra_swamp_entry, spider_nest_entry_a,
          portal_ice_cave_rime, uniq_amaemon

Skill      XL: |  1  2  3  4  5  6  7  8  9 10 11 |
---------------+----------------------------------+-----
Dodging        | 2 7 10 11 | 11.2
Unarmed Combat | 4 6 7 9 |  9.7
Fighting       | 4 5 6 7 |  7.1

Action                   |  1- 3 |  4- 6 |  7- 9 | 10-12 || total
-------------------------+-------+-------+-------+-------++-------
Melee: Unarmed           |    78 |   161 |   198 |   103 ||   540
       Punch             |     5 |     4 |     8 |    12 ||    29
       Headbutt          |       |     1 |    50 |    18 ||    69
Evoke: Piece from Xom's  |     3 |     9 |    17 |     9 ||    38
  Use: Scroll            |     6 |     7 |     8 |     1 ||    22
       Potion            |     4 |     4 |     7 |     4 ||    19
 Stab: Sleeping          |     1 |       |       |       ||     1
       Petrified         |       |    10 |       |       ||    10
       Paralysed         |       |       |     8 |       ||     8
Armor: Robe              |    23 |    46 |    73 |    31 ||   173
       Skin              |       |    14 |       |     8 ||    22
Dodge: Dodged            |    26 |    82 |    73 |    59 ||   240
Block: Other             |       |    18 |    27 |    18 ||    63
